 Dungeon Crawl Stone Soup version 0.21.1-1-g345015f (webtiles) character file.

397 vatarom the Protected (level 6, 0/47 HPs)
             Began as a Gnoll Wanderer on Apr 7, 2018.
             Slain by an orc
             ... wielding a +0 flail
              (8 damage)
             ... on level 4 of the Dungeon.
             The game lasted 00:07:38 (2610 turns).

vatarom the Protected (Gnoll Wanderer)              Turns: 2610, Time: 00:07:39

Health: 0/47       AC:  8    Str: 16      XL:     6   Next: 83%
Magic:  9/9        EV: 11    Int: 14 (15) God:
Gold:   83         SH:  5    Dex: 17      Spells: 9/9 levels left

rFire    . . .     SeeInvis .   b - +1 flail
rCold    . . .     Gourm    .   n - +0 buckler
rNeg     . . .     Faith    .   c - +0 ring mail
rPois    .         Spirit   .   f - +0 helmet
rElec    .         Reflect  .   (no cloak)
rCorr    .         Harm     .   (no gloves)
MR       .....                  (no boots)
Stlth    ++........             (no amulet)
HPRegen  0.15/turn              g - +3 ring of dexterity
MPRegen  0.11/turn              (no ring)

@: no status effects
A: distributed training, fangs 1, strong nose
a: no special abilities


You were on level 4 of the Dungeon.
You were not hungry.

You visited 1 branch of the dungeon, and saw 4 of its levels.

You collected 83 gold pieces.

Inventory:

Hand Weapons
 b - a +1 flail (weapon)
Armour
 c - a +0 ring mail (worn)
 f - a +0 helmet (worn)
 n - a +0 buckler (worn)
Jewellery
 g - a +3 ring of dexterity (left hand)
Wands
 j - a wand of paralysis (6)
Scrolls
 e - 2 scrolls of identify
 l - a scroll of remove curse
 p - a scroll of noise {unknown}
Potions
 a - a potion of magic {unknown}
 h - a potion of brilliance
 k - 2 potions of might {unknown}
 m - a potion of heal wounds
 o - a potion of haste {unknown}
Comestibles
 d - 5 rations


   Skills:
 + Level 3.3 Fighting
 + Level 2.1 Short Blades
 + Level 2.1 Long Blades
 + Level 2.1 Axes
 + Level 6.9 Maces & Flails
 + Level 2.1 Polearms
 + Level 2.1 Staves
 + Level 2.1 Slings
 + Level 2.1 Bows
 + Level 2.1 Crossbows
 + Level 3.3 Throwing
 + Level 8.8 Armour
 + Level 2.1 Dodging
 + Level 3.1 Stealth
 + Level 2.1 Shields
 + Level 2.1 Unarmed Combat
 + Level 2.1 Spellcasting
 + Level 1.6 Conjurations
 + Level 1.6 Hexes
 + Level 1.6 Charms
 + Level 1.6 Summonings
 + Level 1.6 Necromancy
 + Level 1.6 Translocations
 + Level 1.6 Transmutations
 + Level 1.6 Fire Magic
 + Level 1.6 Ice Magic
 + Level 1.6 Air Magic
 + Level 1.6 Earth Magic
 + Level 1.6 Poison Magic
 + Level 2.3 Invocations
 + Level 2.1 Evocations


You had 9 spell levels left.
You didn't know any spells.

Dungeon Overview and Level Annotations

Branches:
Dungeon (4/15)
 Temple: D:4-7

Altars:
Okawaru
Sif Muna
Vehumet
The Shining One

Annotations:
D:3 Mirai's ghost, amateur DsFi


Innate Abilities, Weirdness & Mutations

Your experience applies equally to all skills.
You have very sharp teeth.
Your uncanny sense of smell can sniff out nearby items.


Message History

The orc priest hits you.
You hit the orc priest.
The orc priest is almost dead.
The orc priest casts a cantrip, but nothing happens.
The orc priest hits you but does no damage.
The orc hits you but does no damage. The orc priest completely misses you.
You sock the orc priest!
You kill the orc priest!
You feel your intelligence returning.
The orc priest invokes the aid of Beogh against you.
Beogh smites you!
* * * LOW HITPOINT WARNING * * *
The orc hits you but does no damage.
You sock the orc priest!
The orc priest is almost dead.
The orc priest hits you with a hand axe.
* * * LOW HITPOINT WARNING * * *
The orc hits you with a flail!
You die...

##........#......########
#.........#....#.#.......
#.........#....'.........
#.........#....#.........
+..............##........
#.........##...##........
#.........##...###.......
#.........##...# #..##### ∆
#......[@.###+#####.##### ∆
####...oo.# #............
.#.####......#########..####
..................†.........
...#####...####.######.....#
#########...###..# ###.#...<
#..........................#
#.P...####.....####........#
##.#####∆ ####..# ####....#


You could see an orc priest and an orc.

Vanquished Creatures
  A sky beast (D:4)
  3 orc priests
  An orc wizard (D:3)
  Terence (D:2)
  A killer bee zombie (D:4)
  A hound skeleton (D:4)
  2 adders
  An ooze (D:2)
  2 worms (D:3)
  A dart slug (D:3)
  5 leopard geckos
  5 orcs (D:3)
  10 bats
  5 giant cockroaches
  5 goblins
  9 hobgoblins
  2 quokkas
  6 frilled lizards
  11 kobolds
  A leopard gecko skeleton (D:4)
  7 rats
80 creatures vanquished.

Vanquished Creatures (others)
  An orc wizard (D:3)
1 creature vanquished.

Grand Total: 81 creatures vanquished

Notes
Turn   | Place    | Note
-------+----------+-------------------------------------------
     0 | D:1      | vatarom the Gnoll Wanderer began the quest for the Orb.
     0 | D:1      | vatarom set off with: a +2 mace, a potion of curing, a +0 ring mail, a ration
     0 | D:1      | Reached XP level 1. HP: 17/17 MP: 1/1
    43 | D:1      | Reached XP level 2. HP: 23/23 MP: 2/2
   234 | D:1      | Reached XP level 3. HP: 26/28 MP: 3/3
   650 | D:2      | Found a faded altar of an unknown god.
   650 | D:2      | Found a glowing golden altar of the Shining One.
   655 | D:2      | Found a deep blue altar of Sif Muna.
   657 | D:2      | Found an iron altar of Okawaru.
   658 | D:2      | Found a radiant altar of Vehumet.
   693 | D:2      | Noticed Terence
   705 | D:2      | Reached skill level 1 in Invocations
   711 | D:2      | Killed Terence
   711 | D:2      | Reached skill level 1 in Short Blades
   711 | D:2      | Reached skill level 1 in Long Blades
   711 | D:2      | Reached skill level 1 in Axes
   711 | D:2      | Reached skill level 1 in Polearms
   711 | D:2      | Reached skill level 1 in Staves
   711 | D:2      | Reached skill level 1 in Slings
   711 | D:2      | Reached skill level 1 in Bows
   711 | D:2      | Reached skill level 1 in Crossbows
   711 | D:2      | Reached skill level 1 in Dodging
   711 | D:2      | Reached skill level 1 in Shields
   711 | D:2      | Reached skill level 1 in Unarmed Combat
   711 | D:2      | Reached skill level 1 in Spellcasting
   711 | D:2      | Reached skill level 1 in Evocations
   711 | D:2      | Reached XP level 4. HP: 34/34 MP: 5/5
  1179 | D:3      | Noticed Mirai's ghost (amateur DsFi)
  1224 | D:2      | Reached skill level 1 in Conjurations
  1224 | D:2      | Reached skill level 1 in Hexes
  1224 | D:2      | Reached skill level 1 in Charms
  1224 | D:2      | Reached skill level 1 in Summonings
  1224 | D:2      | Reached skill level 1 in Necromancy
  1224 | D:2      | Reached skill level 1 in Translocations
  1224 | D:2      | Reached skill level 1 in Transmutations
  1224 | D:2      | Reached skill level 1 in Fire Magic
  1224 | D:2      | Reached skill level 1 in Ice Magic
  1224 | D:2      | Reached skill level 1 in Air Magic
  1224 | D:2      | Reached skill level 1 in Earth Magic
  1224 | D:2      | Reached skill level 1 in Poison Magic
  1639 | D:3      | Reached XP level 5. HP: 27/40 MP: 6/6
  2129 | D:3      | Reached XP level 6. HP: 47/47 MP: 8/8
  2584 | D:4      | Noticed a sky beast
  2594 | D:4      | Killed a sky beast
  2610 | D:4      | Slain by an orc

Skill      XL: |  1  2  3  4  5  6 |
---------------+-------------------+-----
Invocations    | 1 2 |  2.3
Short Blades   | 1 2 |  2.1
Long Blades    | 1 2 |  2.1
Axes           | 1 2 |  2.1
Polearms       | 1 2 |  2.1
Staves         | 1 2 |  2.1
Slings         | 1 2 |  2.1
Bows           | 1 2 |  2.1
Crossbows      | 1 2 |  2.1
Dodging        | 1 2 |  2.1
Shields        | 1 2 |  2.1
Unarmed Combat | 1 2 |  2.1
Spellcasting   | 1 2 |  2.1
Evocations     | 1 2 |  2.1
Conjurations   | 1 |  1.6
Hexes          | 1 |  1.6
Charms         | 1 |  1.6
Summonings     | 1 |  1.6
Necromancy     | 1 |  1.6
Translocations | 1 |  1.6
Transmutations | 1 |  1.6
Fire Magic     | 1 |  1.6
Ice Magic      | 1 |  1.6
Air Magic      | 1 |  1.6
Earth Magic    | 1 |  1.6
Poison Magic   | 1 |  1.6
Fighting       | 3 |  3.3
Throwing       | 3 |  3.3
Stealth        | 3 |  3.1
Maces & Flails | |  6.9
Armour         | |  8.8

Action                   |  1- 3 |  4- 6 || total
-------------------------+-------+-------++-------
Melee: Mace              |    97 |    99 ||   196
       Bite              |     9 |    20 ||    29
       Flail             |       |    70 ||    70
  Use: Potion            |     1 |     7 ||     8
       Scroll            |       |     5 ||     5
 Stab: Sleeping          |     1 |       ||     1
  Eat: Chunk             |       |     2 ||     2
       Ration            |       |     2 ||     2
Armor: Ring mail         |    43 |    69 ||   112
       Skin              |       |     1 ||     1
Dodge: Dodged            |    62 |    86 ||   148
Block: Buckler           |       |    23 ||    23
